AoeStats
← akın

Black Forest

506255646Analyzed
1v1 RM · 21d ago on Sep 12, 2026· 99m 23s· 2 players
Game mode
Random Map
Map size
Tiny (2 player)
Population
200
Speed
Normal
Resources
Standard
Victory
Conquest
Starting age
Dark Age
Ending age
Imperial Age
RankedLock teamsTeams togetherTeam positionsShared explorationLock speedFull tech treeHidden civsTurbo modeCheats
Victory
Defeat
🇹🇷 Dravidians · Türkiye
1058
+16
🇩🇪 Bohemians · Germany
1052
-16
surtursson
5:29 Loom
11:07 Feudal Age
16:22 Castle Age
15:20 Double-Bit Axe
15:18 Horse Collar
23:26 Fletching
27:12 Man-at-Arms
27:53 Squires
27:39 Arson
28:10 Forging
28:01 Scale Mail Armor
29:11 Long Swordsman
31:51 Wheelbarrow
31:01 Town Watch
31:20 Heavy Plow
31:35 Bow Saw
32:19 Town Patrol
35:29 Imperial Age
33:28 Hand Cart
34:09 Pikeman
35:39 Iron Casting
35:19 Chain Mail Armor
35:10 Scale Barding Armor
35:01 Bodkin Arrow
35:07 Padded Archer Armor
35:24 Fortified Wall
35:40 Ballistics
36:22 Chemistry
35:33 Masonry
35:25 Murder Holes
37:54 Guilds
38:46 Blast Furnace
38:17 Plate Mail Armor
37:37 Treadmill Crane
38:02 Siege Engineers
39:19 Halberdier
39:20 Two-Handed Swordsman
39:42 Houfnice
40:32 Elite Hussite Wagon
41:19 Wagenburg Tactics
41:20 Hussite Reforms
41:36 Conscription
40:47 Sappers
42:27 Bracer
42:49 Chain Barding Armor
43:26 Champion
47:14 Plate Mail Armor
46:59 Leather Archer Armor
47:22 Architecture
54:20 Ring Archer Armor
54:55 Light Cavalry
55:35 Husbandry
56:27 Elite Skirmisher
78:49 Bombard Tower
95:05 Two-Man Saw
akın
9:16 Loom
11:50 Feudal Age
16:39 Castle Age
17:13 Double-Bit Axe
19:38 Squires
19:47 Horse Collar
27:16 Wheelbarrow
26:46 Fletching
27:19 Heavy Plow
27:32 Bow Saw
32:27 Imperial Age
30:24 Hand Cart
30:17 Padded Archer Armor
29:55 Pikeman
30:43 Fletching
31:16 Ballistics
31:42 Medical Corps
34:37 Chemistry
33:35 Bodkin Arrow
34:18 Gold Mining
35:32 Two-Man Saw
35:14 Town Watch
36:08 Bracer
36:08 Scale Mail Armor
36:24 Leather Archer Armor
36:20 Forging
36:16 Scale Barding Armor
36:19 Light Cavalry
36:59 Husbandry
37:33 Heated Shot
37:59 Masonry
37:58 Onager
39:48 Siege Onager
41:01 Chain Mail Armor
41:06 Chain Barding Armor
41:32 Elite Elephant Archer
45:01 Elite Skirmisher
52:00 Conscription
51:15 Halberdier
53:40 Wootz Steel
53:51 Wootz Steel
56:29 Ring Archer Armor
56:29 Plate Mail Armor
56:35 Iron Casting
58:45 Halberdier
89:22 Blast Furnace
89:13 Gambesons
88:57 Man-at-Arms
89:50 Long Swordsman
90:18 Long Swordsman
91:09 Two-Handed Swordsman
Connection lost

Rejoining the realm…

Still unreachable

The connection could not be restored.

Session expired

The server has moved on; the page needs a fresh start.